 Dungeon Crawl Stone Soup version 0.16-a0-4083-g5af668b (console) character file.

133 mauris the Skirmisher (level 4, 1/37 HPs)
             Began as a Demonspawn Chaos Knight on Feb 22, 2015.
             Quit the game on level 2 of the Dungeon.
             The game lasted 00:04:47 (1852 turns).

mauris the Skirmisher (Demonspawn Chaos Knight)     Turns: 1852, Time: 00:04:47

Health: 1/37       AC:  5    Str: 13    XL:     4   Next: 94%
Magic:  4/4        EV: 12    Int: 14    God:    Xom [.*....]
Gold:   85         SH:  0    Dex: 12    Spells: 0 memorised, 3 levels left

rFire  + . .     SeeInvis .     a - +1 hand axe (chaos)
rCold  . . .     Clarity  .     h - +2 robe {rF+}
rNeg   . . .     SustAb   .     (no shield)
rPois  .         Gourm    .     (helmet restricted)
rElec  .         Spirit   .     j - +0 cloak
rCorr  .         Warding  .     (no gloves)
rMut   .         Stasis   .     (no boots)
MR     .....                    (no amulet)
Stlth  +.........               (no ring)
                                (no ring)

@: lethally poisoned (1 -> -7), not resistant to hostile enchantments, very
unstealthy
A: claws 1, horns 1
a: Renounce Religion


You were on level 2 of the Dungeon.
You worshipped Xom.
You were a plaything of Xom.
You were not hungry.

You visited 1 branch of the dungeon, and saw 2 of its levels.

You collected 85 gold pieces.

Inventory:

Hand weapons
 a - a +1 hand axe of chaos (weapon)
Armour
 b - a +2 leather armour
 h - a +2 robe of fire resistance (worn)
 j - a +0 cloak (worn)
Jewellery
 f - an uncursed amulet of rage
Magical devices
 k - a wand of confusion (28)
Scrolls
 e - a scroll of random uselessness {unknown}
 g - 2 scrolls of remove curse
 m - a scroll of teleportation {unknown}
Comestibles
 c - a bread ration
 d - 2 chunks of flesh
 i - a beef jerky


   Skills:
 + Level 3.9 Fighting
 + Level 3.7 Axes
 + Level 3.0 Armour
 - Level 1.1 Dodging


You had 3 spell levels left.
You didn't know any spells.

Dungeon Overview and Level Annotations

Branches:
Dungeon (2/15)

Altars:

Annotations:
D:2 Robin


Innate Abilities, Weirdness & Mutations

You have sharp fingernails.
You have a pair of small horns on your head.


Message History

* * * LOW HITPOINT WARNING * * *
You feel sick.
* * * LOW HITPOINT WARNING * * *
You feel sick.
* * * LOW HITPOINT WARNING * * *
You feel sick.
* * * LOW HITPOINT WARNING * * *
You feel sick.
* * * LOW HITPOINT WARNING * * *
You feel sick.
* * * LOW HITPOINT WARNING * * *
You feel sick.
* * * LOW HITPOINT WARNING * * *
You feel sick.
* * * LOW HITPOINT WARNING * * *
You feel sick.
Enter note: rip You aren't carrying any potions.
Unknown command.
Are you sure you want to abandon this character and quit the game? (Confirm with "yes".)

#.....#### #.# #.#......# #.##
.#. #.#.#.##.####..# #...
#.....##........ #..#
#####.########.... ..#
#.........# ##... ..# #<###.###.#
#..# #.# #.# #.###.# #... #.# #@#
#.....# ##.# #.#########.#
#.....# ##'# # ##...........#
##....# ##0.. #####.#.#######..#
##.#.# ##...0 .##..###.####
#..####..#.###..... .)#.##
##...###..........##......
.)Z..###..................'......
.(#(#.#.g##)###.####...####......
.##.##......###.# ###..# ##..<..


There were no monsters in sight!

Vanquished Creatures
  Sigmund (D:2)
  A worm (D:2)
  A giant gecko (D:2)
  An ooze (D:2)
  9 bats
  13 goblins
  7 hobgoblins
  6 kobolds
  A ball python (D:1)
  2 giant cockroaches (D:1)
  3 giant newts
  5 rats (D:1)
50 creatures vanquished.

Vanquished Creatures (collateral kills)
  A goblin (D:2)
1 creature vanquished.

Vanquished Creatures (others)
  A goblin zombie (D:2)
  A hobgoblin zombie (D:2)
2 creatures vanquished.

Grand Total: 53 creatures vanquished

Notes
Turn   | Place    | Note
--------------------------------------------------------------
     0 | D:1      | mauris, the Demonspawn Chaos Knight, began the quest for the Orb.
     0 | D:1      | Reached XP level 1. HP: 18/18 MP: 1/1
    20 | D:1      | XOM: potion effect (haste)
    25 | D:1      | Reached skill level 1 in Dodging
   220 | D:1      | XOM: harmless Hex miscast
   244 | D:1      | Gained mutation: You have a pair of small horns on your head. [demonic ancestry]
   244 | D:1      | Reached XP level 2. HP: 24/24 MP: 2/2
   295 | D:1      | XOM: divination: magic mapping
   340 | D:1      | XOM: harmless Conj miscast
   387 | D:1      | XOM: harmless Trmt miscast
   493 | D:1      | XOM: divination: detect creatures
   494 | D:1      | why cant i press m
   912 | D:1      | Gained mutation: You have sharp fingernails. [demonic ancestry]
   912 | D:1      | Reached XP level 3. HP: 29/29 MP: 3/3
  1181 | D:2      | XOM: smoke on damage
  1387 | D:2      | Noticed Sigmund
  1397 | D:2      | Killed Sigmund
  1397 | D:2      | Reached XP level 4. HP: 23/37 MP: 4/4
  1593 | D:1      | XOM: colour smoke trail
  1827 | D:2      | Noticed Robin
  1851 | D:2      | HP: 1/37 [poisoned by Robin]
  1852 | D:2      | rip
  1852 | D:2      | Quit the game

Action                   |  1- 3 |  4- 6 || total
-------------------------+-------+-------++-------
Melee: Hand axe          |   124 |    32 ||   156
  Use: Scroll            |     4 |       ||     4
       Potion            |     1 |       ||     1
 Stab: Sleeping          |     1 |       ||     1
  Eat: Chunk             |     2 |     1 ||     3

Vault maps used:
D:1:      erik_arrival_triangle_medium, nrook_mini_backslash
D:2:      amethyst_overflow_temple_binary, uniq_sigmund, uniq_jessica,
          uniq_robin
